Map: Acolyte LE

Players

Revolution - Winner!

  • Race: Zerg Zerg
  • Spawn Location: 1:00

BackupB (xKawaiian)

  • Race: Terran Terran
  • Spawn Location: 7:00

Event: WCS Montreal 2017

VOD

Have the link to the VOD?

Description

Time

  • Played on: Sept. 8, 2017, 11:28 a.m.
  • Length: 3:16

All games in this series

Show
View Real Time Build Order
Export as new Build Order

Revolution Zerg - Winner!

Build Orders: Hatch First 

Get SALT Encoding   

  12  0:00  Drone  
  13  0:12  Overlord  
  13  0:17  Drone  
  14  0:31  Drone x2  
  16  0:37  Drone  
  17  0:55  Hatchery  
  16  0:57  Drone  
  16  1:00  Extractor  
  16  1:05  Drone  
  17  1:15  Spawning Pool  
  17  1:18  Drone  
  17  1:21  Drone  
  18  1:29  Drone  
  19  1:38  Overlord  
  19  1:50  Drone  
  20  2:05  Zergling x2  
  21  2:09  Spine Crawler  
  21  2:10  Queen  
  21  2:11  Zergling x2  
  21  2:12  Spine Crawler  
  21  2:13  Zergling x2  
  23  2:19  Zergling x2  
  24  2:23  Zergling x2  
  25  2:31  Zergling x2  
  25  2:35  Spine Crawler  
  23  2:45  Zergling x6  
Show
View Real Time Build Order
Export as new Build Order

BackupB Terran 

Build Orders:  

Get SALT Encoding   

  12  0:00  SCV  
  13  0:13  SCV  
  14  0:19  Supply Depot  
  14  0:25  SCV  
  15  0:46  Barracks  
  15  0:51  Barracks  
  15  1:15  Barracks  
  15  1:19  SCV  
  16  1:34  Barracks, Marine  
  16  1:38  Marine  
  18  1:42  Orbital Command  
  18  1:52  Marine  
  19  1:56  Marine  
  20  2:02  Marine  
  20  2:06  Supply Depot  
  21  2:11  Marine  
  21  2:14  Marine  
  23  2:27  Marine  
  23  2:28  SCV  
  23  2:29  Marine  
  26  2:39  Marine  
  25  2:45  Marine  
  25  2:47  Marine  
  26  2:57  Marine  
Tags
 
Add a new tag
Caveats
  • Supply blocks, unpowered buildings, or Contaminate may cause inaccurate times.
  • Supply counts are checked every 10 seconds.